 Dungeon Crawl Stone Soup version 0.28.0-49-g6dfe1f597d (webtiles) character file.

Game seed: 15223998916069348898

594 nickcage the Stinger (level 7, -6/50 HPs)
             Began as a White Draconian Venom Mage on May 18, 2022.
             Mangled by Pikel
             ... wielding a +0 whip of flaming
              (13 damage)
             ... on level 4 of the Dungeon.
             The game lasted 00:17:31 (5686 turns).

nickcage the Stinger (White Draconian Venom Mage)   Turns: 5686, Time: 00:17:31

Health: -6/50      AC:  8    Str: 10    XL:     7   Next: 16%
Magic:  11/13      EV: 12    Int: 18    God:
Gold:   121        SH:  0    Dex: 11    Spells: 8/14 levels left

rFire   . . .      SeeInvis .   b - +2 dagger (venom)
rCold   + . .      Faith    .   (no shield)
rNeg    . . .      Spirit   .   (armour unavailable)
rPois   .          Reflect  .   (helmet restricted)
rElec   .          Harm     .   c - +0 cloak
rCorr   .          Rampage  .   (no gloves)
Will    .....                   g - +0 pair of boots
Stlth   ++........              (no amulet)
HPRegen 0.16/turn               (no ring)
MPRegen 0.13/turn               (no ring)

@: short of breath
A: breathe frost, AC +6, unfitting armour, cold resistance 1, cold-blooded
a: Breathe Frost


You were on level 4 of the Dungeon.
You visited 1 branch of the dungeon, and saw 4 of its levels.

You collected 121 gold pieces.

Inventory:

Hand Weapons
 b - a +2 dagger of venom (weapon)
Missiles
 n - a throwing net
Armour
 c - a +0 cloak (worn)
 g - a +0 pair of boots (worn)
Wands
 k - a wand of mindburst (8)
 o - a wand of iceblast (10)
Scrolls
 a - 5 scrolls of identify {unknown}
 e - 2 scrolls of noise {unknown}
 f - a scroll of teleportation {unknown}
 i - a scroll of blinking {unknown}
 m - a scroll of fog {unknown}
Potions
 d - a potion of resistance {unknown}
 h - 2 potions of degeneration {unknown}
 j - a potion of brilliance {unknown}
 l - a potion of curing {unknown}


   Skills:
 - Level 1.7 Dodging
 - Level 1.7 Stealth
 + Level 4.3 Spellcasting
 - Level 1.0 Transmutations
 + Level 7.1 Poison Magic


You had 8 spell levels left.
You knew the following spells:

 Your Spells              Type           Power      Damage    Failure   Level
a - Sting                 Tmut/Pois      72%        1d6       2%          1
b - Poisonous Vapours     Pois/Air       32%        N/A       4%          2
c - Mephitic Cloud        Conj/Pois/Air  12%        N/A       16%         3

Your spell library contained the following spells:

 Spells                   Type           Power      Damage    Failure   Level
 Olgreb's Toxic Radiance  Pois           29%        N/A       8%          4
 Call Canine Familiar     Summ           3%         N/A       41%         3
 Gell's Gravitas          Tloc           3%         N/A       41%         3
 Portal Projectile        Hex/Tloc       6%         N/A       41%         3
 Teleport Other           Tloc           3%         N/A       41%         3
 Leda's Liquefaction      Hex/Erth       1%         N/A       82%         4
 Dispersal                Tloc           1%         N/A       100%        6


Dungeon Overview and Level Annotations

Branches:
Dungeon (4/15)
 Temple: D:4-7

Altars:
Okawaru
Sif Muna

Shops:
D:2 [

Annotations:
D:4 Pikel


Innate Abilities, Weirdness & Mutations

You can breathe waves of freezing cold which knock back foes.
Your icy white scales are hard. (AC +6)
You cannot fit into any form of body armour.
Your flesh is cold resistant. (rC+)
You are cold-blooded and may be slowed by cold attacks.


Message History

Pikel is poisoned.
Pikel drinks a potion.
Pikel goes berserk!
The sting hits Pikel but does no damage.
Pikel looks even sicker.
Pikel hits you but does no damage.
Pikel hits you with a +0 whip of flaming.
Pikel burns you.
Pikel hits you with a +0 whip of flaming.
Pikel burns you.
Pikel rages.
Aiming: Breathe Frost (5% risk of failure)
Press: ? - help, Shift-Dir - straight line, f/p - Pikel
Aim: Pikel, wielding a +0 whip of flaming and wearing a +0 robe (lightly wounded, berserk, poisoned, 60% to hit)
You exhale a wave of freezing cold.
The freezing breath hits Pikel!
Pikel is moderately wounded.
Pikel is blown backwards by the freezing wind.
Pikel collides with the lemure!
The freezing breath hits the lemure.
The lemure is lightly wounded.
The lemure is blown backwards by the freezing wind.
The freezing breath hits the lemure.
The lemure is moderately wounded.
The lemure is blown backwards by the freezing wind.
Pikel hits you with a +0 whip of flaming.
Pikel burns you.
Pikel hits you with a +0 whip of flaming.
Pikel burns you.
Pikel hits you with a +0 whip of flaming.
Pikel burns you.
Okay, then.
Pikel looks more healthy.
You are too injured to fight recklessly!
Aiming: Sting (safe; 2% risk of failure)
Press: ? - help, Q - select action, (/) - cycle Shift-Dir - straight line, f/p - Pikel
Aim: Pikel, wielding a +0 whip of flaming and wearing a +0 robe (moderately wounded, berserk, 67% to hit)
The sting misses Pikel.
Pikel hits you with a +0 whip of flaming!
* * * LOW HITPOINT WARNING * * *
Pikel burns you.
* * * LOW HITPOINT WARNING * * *
Pikel hits you with a +0 whip of flaming!
You die...

#<##.###.....)..........#
#
#.###.##..#.>...........#
# #.#
#.#...#..#.≈≈§≈≈≈..# ...
....##.##.≈≈≈≈≈≈..# #.#
##....##.#.≈≈._§§.## #.#
#.#..# ..§§≈8>≈≈.# #.#
#.#..# ...≈≈≈≈§§.#### #.#
#.#..##...≈≈≈§≈≈.....
8.#.#.@##..........####
........K..#########
###.##..#5## #.# # #..#.#
#.# #.##..#.# #.#
#.##..#.# #.# #.....#.#
#.# #.#..##5# #.#
#.#.###.#


You could see Pikel (berserk) and a lemure.

Vanquished Creatures
  An ogre (D:4)
  2 lemures (D:4)
  A scorpion (D:4)
  2 orc priests (D:3)
  A hound (D:4)
  An iguana (D:4)
  Ijyb (D:3)
  Terence (D:2)
  Natasha (twice) (D:2)
  2 orc wizards (D:3)
  4 gnolls (D:4)
  4 adders
  An adder skeleton (D:4)
  2 dart slugs
  11 orcs (D:3)
  6 ball pythons
  11 endoplasms
  A giant cockroach (D:1)
  7 goblins
  9 hobgoblins
  2 quokkas
  2 bats
  3 frilled lizards
  6 kobolds
  3 rats
86 creatures vanquished.

Vanquished Creatures (others)
  An orc wizard (D:3)
1 creature vanquished.

Grand Total: 87 creatures vanquished

Notes
Turn   | Place    | Note
-------+----------+-------------------------------------------
     0 | D:1      | nickcage the Draconian Venom Mage began the quest for the
                  | Orb.
     0 | D:1      | Reached XP level 1. HP: 14/14 MP: 3/3
   420 | D:1      | Found a faded altar of an unknown god.
   427 | D:1      | Reached XP level 2. HP: 8/20 MP: 0/5
  1151 | D:1      | Reached skill level 4 in Poison Magic
  1321 | D:1      | Learned a level 2 spell: Poisonous Vapours
  1479 | D:2      | Found Zoanam's Antique Armour Emporium.
  1481 | D:2      | Noticed Terence
  1499 | D:2      | Killed Terence
  1500 | D:2      | Reached XP level 3. HP: 9/26 MP: 1/6
  1780 | D:2      | Noticed Natasha
  1797 | D:2      | Killed Natasha
  1798 | D:2      | Reached XP level 4. HP: 8/33 MP: 2/7
  2039 | D:2      | Reached skill level 5 in Poison Magic
  2156 | D:2      | Noticed Natasha
  2177 | D:2      | Killed Natasha
  3067 | D:2      | Learned a level 3 spell: Mephitic Cloud
  3155 | D:3      | Reached XP level 5. HP: 37/38 MP: 1/8
  3333 | D:3      | Reached skill level 6 in Poison Magic
  4199 | D:3      | Noticed Ijyb
  4208 | D:3      | Killed Ijyb
  4402 | D:3      | Reached XP level 6. HP: 45/45 MP: 8/10
  4676 | D:3      | Found a shimmering blue altar of Sif Muna.
  4879 | D:4      | Noticed Pikel
  5018 | D:4      | Found an iron altar of Okawaru.
  5137 | D:4      | Reached skill level 7 in Poison Magic
  5137 | D:4      | Your scales start taking on an icy white colour.
  5137 | D:4      | Reached XP level 7. HP: 43/50 MP: 8/13
  5137 | D:4      | Gained mutation: Your flesh is cold resistant. (rC+) [White
                  | Draconian growth]
  5686 | D:4      | Mangled by Pikel

Illustrated notes

Levels and vault maps discovered:
D:1:      scummos_arrival_gate, layout_loops_cross,
          hellmonk_ecumenical_altar_run_dry
D:2:      layout_basic, serial_shops, nicolae_shop_statue_plus,
          minmay_stone_trees_medium, uniq_natasha, uniq_terence
D:3:      layout_basic, led_sif_book, minmay_goblin_outpost, uniq_ijyb
D:4:      layout_loops_ring, general_overflow_altar, serial_shops, shop_statue,
          uniq_pikel

Skill      XL: |  1  2  3  4  5  6 |
---------------+-------------------+-----
Poison Magic   | 4 5 6 7 |  7.1
Spellcasting   | 4 |  4.3
Dodging        | |  1.7
Stealth        | |  1.7
Transmutations | |  1.0

Action                   |  1- 3 |  4- 6 |  7- 9 || total
-------------------------+-------+-------+-------++-------
Melee: Unarmed           |     8 |       |       ||     8
       Tailslap          |     2 |     7 |     6 ||    15
       Dagger            |    13 |    39 |    25 ||    77
       Punch             |       |       |     1 ||     1
 Cast: Sting             |    42 |   104 |    33 ||   179
       Poisonous Vapours |     1 |       |       ||     1
 Abil: Breathe Frost     |       |       |     2 ||     2
 Stab: Sleeping          |     1 |       |       ||     1
Armor: Skin              |     4 |    15 |    11 ||    30
Dodge: Dodged            |    19 |    48 |    22 ||    89
